 Dungeon Crawl Stone Soup version 0.31-a0-865-g3d5d91748a (webtiles) character file.

Game seed: 3246773701378023712

1215 redmage the Insei (level 8, -2/54 HPs)
             Began as an Octopode Shapeshifter on Oct 10, 2023.
             Killed by divine providence
             ... invoked by an orc priest
              (13 damage)
             ... on level 7 of the Dungeon.
             The game lasted 00:13:09 (5541 turns).

redmage the Insei (Octopode Shapeshifter)           Turns: 5541, Time: 00:13:09

Health: -2/54      AC:  1    Str: 13    XL:     8   Next: 46%
Magic:  8/8        EV: 19    Int: 13    God:
Gold:   332        SH:  0    Dex: 13    Spells: 7/7 levels left

rFire   . .          .
                       - Unarmed
rCold   . . .        (no shield)
rNeg    . . .        (helmet currently unavailable)
rPois   .            (no amulet)
rElec   .            j - +5 ring of evasion
rCorr   .            (no ring)
SInv    .            (no ring)
Will    .....        (no ring)
Stlth   +++          (no ring)
HPRegen 0.29/turn    (no ring)
MPRegen 0.11/turn    (no ring)
                     (no ring)

%: no passive effects
@: beast-form
A: beast (slay +2), almost no armour, amphibious, 8 rings, camouflage 1,
gelatinous body 1, (nimble swimmer 1), tentacles
a: Begin Untransformation


You were on level 7 of the Dungeon.
You were a hulking beast.
You visited 1 branch of the dungeon, and saw 7 of its levels.

You collected 332 gold pieces.

Inventory:

Hand Weapons
 q - the +5 trident of Ragnarok {heavy, rF+++ Str+7 Int-4 Dex-5}
   (You found it on level 4 of the Dungeon)

   Str+7:     It affects your strength (+7).
   Int-4:     It affects your intelligence (-4).
   Dex-5:     It affects your dexterity (-5).
   rF+++:     It renders you almost immune to fire.
Missiles
 m - 3 poisoned darts (quivered)
Magical Staves
 f - a staff of poison
Jewellery
 j - a +5 ring of evasion (left tentacle)
 u - an amulet of faith
Talismans
 b - a beast talisman (active)
 c - a flux talisman
Wands
 e - a wand of paralysis (19)
 l - a wand of polymorph (4)
Scrolls
 i - a scroll of vulnerability
Potions
 a - a potion of lignification
 d - a potion of berserk rage {unknown}
 g - a potion of degeneration {unknown}
 h - a potion of mutation
 o - a potion of resistance
 p - a potion of curing
 t - a potion of invisibility {unknown}


   Skills:
 + Level 4.6 Fighting
 + Level 5.0 Dodging
 - Level 4.0 Stealth
 + Level 5.5 Unarmed Combat
 + Level 5.2 Shapeshifting


You had 7 spell levels left.
You didn't know any spells.
Your spell library contained the following spells:

 Spells                   Type           Power      Damage    Failure   Level
 Magic Dart               Conj           0%         1d3       30%         1
 Necrotise                Necr           0%         1d4       30%         1
 Call Imp                 Summ           0%         N/A       43%         2
 Mephitic Cloud           Conj/Pois/Air  0%         N/A       67%         3
 Vampiric Draining        Necr           0%         2d6       67%         3
 Agony                    Necr           0%         N/A       100%        5


Dungeon Overview and Level Annotations

Branches:
Dungeon (7/15)
 Temple: D:4-7

Altars:
Xom
The Shining One

Portals:
Bailey: D:7


Innate Abilities, Weirdness & Mutations

You are a hulking beast.
Your limbs bulge with bestial killing power. (Slay +2)
You cannot wear most types of armour.
You are amphibious.
You can wear up to eight rings at the same time.
Your skin changes colour to match your surroundings (Stealth+).
Your rubbery body absorbs attacks. (AC +1, EV +1)
((You are camouflaged when in or above water. (Stealth+)))
You have tentacles for arms and can constrict up to eight enemies at once.


Message History

The gnoll sergeant hits you from afar with a +0 spear!
* * * LOW HITPOINT WARNING * * *
Unknown command.
You feel much better.
You constrict the kobold demonologist. The kobold demonologist misses you.
The orc priest hits you with a +0 short sword.
The gnoll sergeant hits you from afar with a +0 spear!
The wyvern hisses angrily.
Unknown command.
Unknown command.
You tentacle-slap the kobold demonologist.
The kobold demonologist is almost dead.
You constrict the kobold demonologist!
You kill the kobold demonologist!
The gnoll barely misses you.
The orc priest invokes the aid of Beogh against you.
You struggle to resist.
The gnoll sergeant hits you from afar with a +0 spear!
Your Dodging skill increases to level 5!
Your Shapeshifting skill increases to level 5!
You open the door.
You hear the faint creaking of a portcullis very nearby.
The gnoll barely misses you.
The orc priest hits you with a +0 short sword.
The gnoll closely misses you. The gnoll sergeant barely misses you.
Unknown command.
The gnoll hits you from afar with a +0 spear.
* * * LOW HITPOINT WARNING * * *
The gnoll sergeant hits you from afar with a +0 spear!
* * * LOW HITPOINT WARNING * * *
There is an open door here.
You feel much better. The wyvern bites you!
* * * LOW HITPOINT WARNING * * *
The orc priest misses you. The gnoll misses you. The wyvern misses you.
The gnoll sergeant hits you from afar with a +0 spear.
* * * LOW HITPOINT WARNING * * *
The gnoll attacks as it pursues you! The gnoll misses you.
The orc priest mumbles some strange prayers to Beogh against you.
Beogh smites you!
You die...

oo..o.#......... ........
##.........##... #....$..
#...............####......
....<.....##............#
..
#..##.....#......#.....#
##... ..
.....#...g........##.#...
. .......
#g)lo............ ......#
###g###.......... .......
#.#h# ###......## .......
#.8.#.##......... ..#....
#.#.#.#..........
#.#.8.#.......... .
#.#.#^#.......... ..
#.8.#.#.......... ...
#.#.#.#.......... ...l
#.#.8.#.......... .....
#.#∩#.#..##.#....


You could see a wyvern, an orc priest and 2 gnolls.

Vanquished Creatures
  A kobold demonologist (D:7)
  A water moccasin (D:6)
  An ogre (D:5)
  A phantom (D:5)
  Blork the orc (D:6)
  2 scorpions
  3 howler monkeys
  3 hounds
  A jelly (D:6)
  An orc priest (D:6)
  A sleepcap (D:6)
  5 gnolls
  7 adders
  2 shadow imps (D:5)
  4 ufetubi (D:4)
  A worm (D:2)
  2 dart slugs (D:4)
  12 orcs
  6 ball pythons
  2 bats (D:1)
  3 endoplasms
  2 giant cockroaches
  6 goblins
  3 hobgoblins
  2 quokkas
  3 frilled lizards
  11 kobolds
  4 rats
91 creatures vanquished.

Notes
Turn   | Place    | Note
-------+----------+-------------------------------------------
     0 | D:1      | redmage the Octopode Shapeshifter began the quest for the
                  | Orb.
     0 | D:1      | Reached XP level 1. HP: 13/13 MP: 1/1
   196 | D:1      | Reached XP level 2. HP: 18/18 MP: 2/2
   603 | D:1      | Reached skill level 1 in Stealth
   847 | D:2      | Reached XP level 3. HP: 19/23 MP: 3/3
  1032 | D:2      | Reached XP level 4. HP: 29/29 MP: 4/4
  1077 | D:2      | Identified the +1 chain mail of the Distant Future {Str+3
                  | Int+4 Slay-5}
  1883 | D:3      | Found a glowing golden altar of the Shining One.
  1971 | D:4      | Identified the +5 trident of Ragnarok {heavy, rF+++ Str+7
                  | Int-4 Dex-5}
  2155 | D:4      | Reached XP level 5. HP: 33/34 MP: 5/5
  2465 | D:4      | Found a shimmering altar of Xom.
  2515 | D:4      | Reached XP level 6. HP: 38/41 MP: 6/6
  2882 | D:5      | Entered Level 5 of the Dungeon
  3528 | D:5      | Reached XP level 7. HP: 38/46 MP: 7/7
  4421 | D:6      | Noticed Blork the orc
  4427 | D:6      | Killed Blork the orc
  5031 | D:6      | Reached skill level 5 in Unarmed Combat
  5034 | D:6      | Reached XP level 8. HP: 32/54 MP: 8/8
  5487 | D:7      | Found a flagged portal.
  5492 | D:7      | Noticed a wyvern
  5521 | D:7      | Noticed a kobold demonologist
  5537 | D:7      | Killed a kobold demonologist
  5538 | D:7      | Reached skill level 5 in Dodging
  5538 | D:7      | Reached skill level 5 in Shapeshifting
  5541 | D:7      | Killed from afar by an orc priest

Illustrated notes

Levels and vault maps discovered:
D:1:      lightli_arrival_boilingwater, layout_basic,
          nicolae_kite_square_tiling_tiny, chequers_serial_rivers_large_a
D:2:      cheibrodos_helix_gallery, layout_basic, serial_bayou_pond_c,
          serial_bayou_lake_a
D:3:      layout_rooms, tso_oasis_becter, kennysheep_generic_room_4
D:4:      layout_loops_cross, mainiacjoe_overflow_tiny_flanked
D:5:      layout_loops_corners
D:6:      layout_loops_corners, uniq_blork_the_orc
D:7:      layout_cave_pools, minmay_temple_entry_arrows, enter_bailey_8

Skill      XL: |  1  2  3  4  5  6  7  8 |
---------------+-------------------------+-----
Stealth        | 1 2 3 4 |  4.0
Fighting       | 2 3 4 |  4.6
Dodging        | 3 4 5 |  5.0
Unarmed Combat | 4 5 |  5.5
Shapeshifting  | 4 5 |  5.2

Action                     |  1- 3 |  4- 6 |  7- 9 || total
---------------------------+-------+-------+-------++-------
  Melee: Unarmed           |    62 |    98 |    63 ||   223
         Tentacles         |    11 |    16 |    19 ||    46
         Constrict         |    14 |    25 |    15 ||    54
         Punch             |     3 |     4 |     1 ||     8
  Throw: Dart              |       |     3 |       ||     3
  Evoke: Wand              |       |       |     1 ||     1
    Use: Scroll            |       |    11 |     1 ||    12
         Potion            |       |       |     3 ||     3
   Stab: Sleeping          |     5 |    13 |     5 ||    23
         Distracted        |       |       |     1 ||     1
         Paralysed         |       |       |     1 ||     1
 Armour: Skin              |    26 |    42 |    43 ||   111
  Dodge: Dodged            |    29 |    43 |    40 ||   112

Table legend: (Time is in decaauts)
 A = Elapsed time spent in this place.
 B = Non-inter-level travel time spent in this place.
 C = Inter-level travel time spent in this place.
 D = Time resting spent in this place.
 E = Time spent auto-exploring this place.
 F = Levels seen in this place.
 G = Mean time per level.
                   A        B        C        D        E       F      G
               +--------+--------+--------+--------+--------+-----+--------+
         Total |   5524 |   5180 |    344 |     99 |   4173 |   7 |  789.1 |
       Dungeon |   5524 |   5180 |    344 |     99 |   4173 |   7 |  789.1 |
               +--------+--------+--------+--------+--------+-----+--------+

Top non-repeatable levels by time:
     D:6: 1329 daAuts
     D:5: 1267 daAuts
     D:4: 931 daAuts
     D:1: 759 daAuts
     D:2: 686 daAuts
     D:3: 495 daAuts
     D:7: 54 daAuts
